 Dungeon Crawl Stone Soup version 0.30-a0-250-g41c1d76940 (webtiles) character file.

Game seed: 3058032724950197980

64 Hubris850 the Insei (level 4, 0/48 HPs)
             Began as a Merfolk Transmuter on Oct 12, 2022.
             Slain by an adder (3 damage)
             ... on level 1 of the Dungeon.
             The game lasted 00:03:50 (1458 turns).

Hubris850 the Insei (Merfolk Transmuter)            Turns: 1458, Time: 00:03:50

Health: 0/48       AC: 22    Str: 12    XL:     4   Next: 12%
Magic:  7/7        EV:  2    Int: 12    God:
Gold:   86         SH:  0    Dex: 14    Spells: 6/7 levels left

rFire   . . .      SeeInvis .    f - +3 dagger
rCold   . . .      Faith    .    (no shield)
rNeg    . . .      Spirit   .    (body armour currently unavailable)
rPois   +          Reflect  .    (helmet currently unavailable)
rElec   .          Harm     .    (cloak currently unavailable)
rCorr   .          Rampage  .    (gloves currently unavailable)
Will    .....      NoTele   +    (boots currently unavailable)
Stlth   +.........               (no amulet)
HPRegen 0.28/turn                (no ring)
MPRegen 0.10/turn                (no ring)

@: tree-form
A: stationary, stasis, torment immunity, boosted hp, (nimble swimmer 2),
(mertail)
a: no special abilities


You were on level 1 of the Dungeon.
You were a tree.
You visited 1 branch of the dungeon, and saw 2 of its levels.

You collected 86 gold pieces.

Inventory:

Hand Weapons
 f - a +3 dagger (weapon)
Armour
 a - a +0 robe (melded)
Scrolls
 c - a scroll of summoning {unknown}
 d - 2 scrolls of noise {unknown}
 h - a scroll of fear {unknown}
 i - a scroll of butterflies {unknown}
 j - a scroll of teleportation {unknown}
 k - a scroll of identify {unknown}
Potions
 e - a potion of magic {unknown}
 g - a potion of might {unknown}


   Skills:
 - Level 1.1 Fighting
 - Level 2.6 Dodging
 + Level 5.3 Unarmed Combat
 - Level 2.0 Spellcasting
 - Level 2.6 Transmutations


You had 6 spell levels left.
You knew the following spells:

 Your Spells              Type           Power      Damage    Failure   Level
a - Beastly Appendage     Tmut           14%        N/A       9%          1

Your spell library contained the following spells:

 Spells                   Type           Power      Damage    Failure   Level
 Wereblood                Tmut           7%         N/A       14%         2
 Passwall                 Tmut/Erth      3%         N/A       24%         2
 Sandblast                Erth           2%         2d4       26%         1
 Spider Form              Tmut/Pois      4%         N/A       43%         3
 Stone Arrow              Conj/Erth      2%         3d7       63%         3
 Ice Form                 Ice/Tmut       4%         N/A       83%         4


Dungeon Overview and Level Annotations

Branches:
Dungeon (2/15)

Altars:


Innate Abilities, Weirdness & Mutations

You are a tree.
Your roots penetrate the ground, keeping you stationary.
You cannot be teleported.
You are immune to unholy pain and torment.
Your maximum health is greatly increased.
Your equipment is partially melded.
((You are very nimble when in or above water. (Stealth+, EV+, Speed+++)))
((Your lower body shifts to a powerful aquatic tail in water.))


Message History

The adder barely misses you. The adder bites you.
You are poisoned.
The adder poisons you! The gnoll barely misses you.
You hit the gnoll but do no damage.
The gnoll is severely wounded.
Your transformation is almost over.
You feel sick. The adder misses you. The gnoll hits you with a +0 flail.
You hit the gnoll.
The gnoll is almost dead.
You feel sick. The adder barely misses you. The gnoll hits you with a +0 flail.
* * * LOW HITPOINT WARNING * * *
You hit the gnoll.
You kill the gnoll!
* * * LOW HITPOINT WARNING * * *
You feel sick.
The adder bites you but does no damage. x2
You have reached level 4!
Really quaff the potion of lignification?
Your horns disappear.
You turn into a tree.
Your +0 robe melds into your body.
Your roots penetrate the ground.
You feel sick. The adder bites you but does no damage.
You closely miss the adder.
You feel sick. The adder completely misses you.
You hit the adder.
The adder is lightly wounded.
You feel sick.
You are no longer poisoned.
The adder bites you but does no damage.
You closely miss the adder.
The adder is lightly wounded.
The adder bites you but does no damage. x2
You closely miss the adder.
The adder is lightly wounded.
The adder bites you but does no damage.
You hit the adder.
The adder is severely wounded.
The adder bites you but does no damage.
You miss the adder.
The adder is severely wounded.
The adder bites you.
You die...

#.## ##+## #... #..#
##...## #.## ##.#
##.....## #.##
####.######.......## #.#.
#........#.........###...
#.^......'.........'.....
#.#...##.#.........###...
#.#..###)##.......## #.#.
#.#.####♣##......## #.##
#......S.##÷#....# #.#
###.#######.##'#.# #.#
#.# #.##.#.#####.# #.#
#.#..........# #.#
#.#..#.####### #.#
#.#....# #.# #......# #.#
#######...##


You could see an adder.

Vanquished Creatures
  3 gnolls
  A worm (D:2)
  2 dart slugs
  4 bats (D:1)
  4 endoplasms (D:1)
  A giant cockroach (D:1)
  4 goblins
  3 hobgoblins
  A kobold (D:1)
  A quokka (D:1)
  2 ball pythons (D:1)
  A frilled lizard (D:1)
  A rat (D:1)
28 creatures vanquished.

Notes
Turn   | Place    | Note
-------+----------+-------------------------------------------
     0 | D:1      | Hubris850 the Merfolk Transmuter began the quest for the
                  | Orb.
     0 | D:1      | Reached XP level 1. HP: 15/15 MP: 3/3
   210 | D:1      | Reached XP level 2. HP: 18/21 MP: 5/5
   414 | D:1      | Found a faded altar of an unknown god.
   421 | D:1      | Reached skill level 4 in Unarmed Combat
  1035 | D:1      | Reached XP level 3. HP: 14/26 MP: 6/6
  1237 | D:2      | Reached skill level 5 in Unarmed Combat
  1452 | D:1      | Reached XP level 4. HP: 3/32 MP: 7/7
  1454 | D:1      | HP: 2/48 [poisoned by an adder]
  1458 | D:1      | Slain by an adder

Illustrated notes

Levels and vault maps discovered:
D:1:      ncdulo_halloftheorcs, layout_loops_corners,
          ebering_ecumenical_altar_webs
D:2:      layout_basic

Skill      XL: |  1  2  3 |
---------------+----------+-----
Unarmed Combat | 4 5 |  5.3
Fighting       | |  1.1
Dodging        | |  2.6
Spellcasting   | |  2.0
Transmutations | |  2.6

Action                   |  1- 3 |  4- 6 || total
-------------------------+-------+-------++-------
Melee: Unarmed           |    23 |       ||    23
       Punch             |     7 |       ||     7
       Dagger            |    82 |     6 ||    88
       Headbutt          |     7 |       ||     7
 Cast: Beastly Appendage |    19 |       ||    19
  Use: Potion            |       |     1 ||     1
 Stab: Sleeping          |     1 |       ||     1
Armor: Robe              |    19 |       ||    19
       Skin              |       |     6 ||     6
Dodge: Dodged            |    72 |     1 ||    73

Table legend: (Time is in decaauts)
 A = Elapsed time spent in this place.
 B = Non-inter-level travel time spent in this place.
 C = Inter-level travel time spent in this place.
 D = Time resting spent in this place.
 E = Time spent auto-exploring this place.
 F = Levels seen in this place.
 G = Mean time per level.
                   A        B        C        D        E       F      G
               +--------+--------+--------+--------+--------+-----+--------+
         Total |   1460 |   1446 |     14 |    200 |    937 |   2 |  730.0 |
       Dungeon |   1460 |   1446 |     14 |    200 |    937 |   2 |  730.0 |
               +--------+--------+--------+--------+--------+-----+--------+

Top non-repeatable levels by time:
     D:1: 1251 daAuts
     D:2: 208 daAuts
